 Dungeon Crawl Stone Soup version 0.31-a0-986-g5e6e4ef867 (webtiles) character file.

Game seed: 1961841197319677378

17 Firecrotchwizard the Ruffian (level 2, -2/14 HPs)
             Began as a Vine Stalker Shapeshifter on Nov 18, 2023.
             Slain by a gnoll
             ... wielding a +0 flail
              (11 damage)
             ... on level 1 of the Dungeon.
             The game lasted 00:00:35 (189 turns).

Firecrotchwizard the Ruffian (VSSh)                  Turns: 189, Time: 00:00:36

Health: -2/14      AC:  2    Str: 16    XL:     2   Next: 62%
Magic:  0/3        EV: 12    Int: 10    God:
Gold:   0          SH:  0    Dex: 13    Spells: 1/1 levels left

rFire   . .          .
                       - Unarmed
rCold   . . .        (no shield)
rNeg    . . .        a - +0 animal skin
rPois   .            (helmet currently unavailable)
rElec   .            (cloak currently unavailable)
rCorr   .            (gloves currently unavailable)
SInv    .            (boots currently unavailable)
Will    .....        (no amulet)
Stlth   +            (no ring)
HPRegen 1.02/turn    (no ring)
MPRegen 0.08/turn

%: guardian spirit
@: beast-form
A: beast (slay +1), fangs 2, regeneration 1, magic shield, antimagic bite, no
potion heal 2
a: Begin Untransformation


You were on level 1 of the Dungeon.
You were a hulking beast.
You visited 1 branch of the dungeon, and saw 1 of its levels.

Inventory:

Armour
 a - a +0 animal skin (worn)
Talismans
 c - a beast talisman
 d - a flux talisman
Potions
 b - a potion of lignification
 e - a potion of degeneration {unknown}
 f - a potion of enlightenment {unknown}
 g - a potion of might {unknown}


   Skills:
 + Level 1.3 Fighting
 - Level 1.5 Dodging
 * Level 3.4 Unarmed Combat
 + Level 3.1 Shapeshifting


You had one spell level left.
You didn't know any spells.
Your spell library was empty.

Dungeon Overview and Level Annotations

Branches:
Dungeon (1/15)

Altars:


Innate Abilities, Weirdness & Mutations

You are a hulking beast.
Your limbs bulge with bestial killing power. (Slay +1)
You have extremely sharp teeth.
Your natural rate of healing is unusually fast.
When hurt, damage is shared between your health and your magic reserves.
Your bite disrupts and absorbs the magic of your enemies.
Potions cannot restore your health.


Message History

The jackal barely misses you.
You closely miss the jackal.
The jackal is heavily wounded.
The jackal bites you.
You hit the jackal.
The jackal is almost dead.
The jackal bites you. x2
You hit the jackal.
You kill the jackal!
The jackal misses you.
You closely miss the jackal. The jackal misses you.
You hit the jackal. You bite the jackal.
You kill the jackal!
You barely miss the jackal. You bite the jackal. You drain its power.
You feel invigorated.
The jackal is moderately wounded.
The jackal bites you but does no damage.
You hit the jackal.
You kill the jackal!
You miss the frilled lizard. Your bite misses the frilled lizard.
The frilled lizard bites you but does no damage.
You closely miss the frilled lizard. You bite the frilled lizard.
You kill the frilled lizard!
Items here: ††††.
Found a pair of boots.
A hobgoblin comes into view.
Found 11 gold pieces and an amethyst potion.
The hobgoblin shouts!
A rat comes into view.
You barely miss the hobgoblin. The hobgoblin hits you.
You barely miss the hobgoblin. The hobgoblin closely misses you.
You barely miss the hobgoblin. The hobgoblin hits you.
You punch the hobgoblin!
You kill the hobgoblin!
A dart slug comes into view.
You see here a hobgoblin corpse.
A hobgoblin comes into view.
The rat barely misses you.
The hobgoblin shouts!
You punch the rat!
You kill the rat!
You hear a shout!
Found 9 gold pieces.
A goblin comes into view. It is wielding a +0 dagger.
The dart slug barely misses you.
The goblin shouts!
You hit the dart slug but do no damage.
You hear a shout!
You hit the dart slug but do no damage.
A bat comes into view.
The dart slug bites you.
You hit the dart slug.
The dart slug is moderately wounded.
The dart slug launches a dart at you. The slug dart hits you.
You hit the dart slug.
The dart slug is severely wounded.
A kobold comes into view. It is wielding a +0 whip.
You barely miss the dart slug.
The dart slug is severely wounded.
The bat barely misses you. The dart slug launches a dart at you.
The slug dart hits you.
* * * LOW HITPOINT WARNING * * *
A hobgoblin comes into view.
The hobgoblin misses you.
You hit the dart slug.
You kill the dart slug!
The bat misses you.
A ball python comes into view.
The hobgoblin hits you.
* * * LOW HITPOINT WARNING * * *
The bat attacks as it pursues you! The bat closely misses you.
The bat misses you.
You see here a hobgoblin corpse.
The bat hits you but does no damage.
A gnoll comes into view. It is wielding a +0 flail.
The bat hits you but does no damage. x2
The ball python hisses angrily.
You hit the gnoll but do no damage. You bite the gnoll. You drain its power.
You feel invigorated.
The gnoll is lightly wounded.
The bat hits you.
You hit the gnoll. You bite the gnoll. You drain its power.
You feel invigorated.
The gnoll is moderately wounded.
The bat closely misses you. The gnoll hits you with a +0 flail!
You hit the gnoll.
The gnoll is severely wounded.
A ball python comes into view.
The hobgoblin misses you. The gnoll closely misses you.
You hit the gnoll.
The gnoll is severely wounded.
The gnoll closely misses you. The hobgoblin hits you.
* * * LOW MAGIC WARNING * * *
You hit the gnoll.
The gnoll is almost dead.
The hobgoblin closely misses you. The gnoll hits you with a +0 flail!
Ouch! That really hurt!
You die... . .. ... .... ..... ......##### ## $.S..Sghgb#

########.
.....g###g######........
..... #................
###...##†...............
# #$.g.~~~~~~~~~~~~~~~
#...†≈≈≈≈≈≈≈≈≈≈≈≈≈≈≈
#....~~≈≈≈≈≈≈≈≈≈≈≈≈≈
#K...≈≈≈#+#+#≈≈≈≈≈≈≈
#....~≈≈+ ##+###'#


You could see a gnoll, 2 hobgoblins, a goblin, a bat and 2 ball pythons.

Vanquished Creatures
  2 dart slugs (D:1)
  An endoplasm (D:1)
  2 hobgoblins (D:1)
  4 jackals (D:1)
  A frilled lizard (D:1)
  2 rats (D:1)
12 creatures vanquished.

Notes
Turn   | Place    | Note
-------+----------+-------------------------------------------
     0 | D:1      | Firecrotchwizard the Vine Stalker Shapeshifter began the
                  | quest for the Orb.
     0 | D:1      | Reached XP level 1. HP: 9/9 MP: 2/2
    49 | D:1      | Reached skill level 1 in Fighting
   112 | D:1      | Reached XP level 2. HP: 14/14 MP: 3/3
   189 | D:1      | Slain by a gnoll

Illustrated notes

Levels and vault maps discovered:
D:1:      dpeg_arrival_castle, layout_basic, shapermc_ecumenical_altar_ellora

Skill      XL: |  1 |
---------------+----+-----
Fighting       | 1 |  1.3
Dodging        | |  1.5
Unarmed Combat | |  3.4
Shapeshifting  | |  3.1

Action                     || total
---------------------------++-------
  Melee: Unarmed           ||    44
         Bite              ||    11
 Armour: Animal skin       ||    27
  Dodge: Dodged            ||    22

Table legend: (Time is in decaauts)
 A = Elapsed time spent in this place.
 B = Non-inter-level travel time spent in this place.
 C = Inter-level travel time spent in this place.
 D = Time resting spent in this place.
 E = Time spent auto-exploring this place.
 F = Levels seen in this place.
 G = Mean time per level.
                   A        B        C        D        E       F      G
               +--------+--------+--------+--------+--------+-----+--------+
         Total |    188 |    188 |      0 |      0 |    117 |   1 |  188.0 |
       Dungeon |    188 |    188 |      0 |      0 |    117 |   1 |  188.0 |
               +--------+--------+--------+--------+--------+-----+--------+

Top non-repeatable levels by time:
     D:1: 188 daAuts
